[Event "*** Titled Tuesday 3|2 Blitz"]
[Site "Chess.com"]
[Date "2015.11.03"]
[Round "6"]
[White "Danirod"]
[Black "Oligan22"]
[Result "0-1"]
[WhiteElo "2394"]
[BlackElo "2177"]
[TimeControl "180+2"]
[EndTime "12:16:20 PST"]
[Termination "Oligan22 won by resignation"]

1. e4 c5 2. Nf3 e6 3. c3 d5 4. exd5 Qxd5 5. d4 Nf6 6. Na3 a6 7. Nc4 Nbd7 8. Be3 b6 9. Be2 Bb7 10. Nce5 Nxe5 11. dxe5 Nd7 12. c4 Qc6 13. Bg5 h6 14.
Bh4 g5 15. Bg3 Be7 16. Qd2 Rd8 17. Qe3 Qe4 18. Qxe4 Bxe4 19. h3 Nb8 20. O-O Nc6 21. Rfd1 O-O 22. Nd2 Bc2 23. Nf1 Bxd1 24. Bxd1 Rd4 25.
Ne3 Rfd8 26. Bf3 Nb4 27. b3 f6 28. Ng4 f5 29. Nf6+ Bxf6 30. exf6 f4 31. Bh2 Kf7 32. g3 e5 33. gxf4 exf4 34. Re1 Kxf6 35. Kg2 Nd3 36.
Re2 Ne5 37. Bd5 R8xd5 0-1

[Event "*** Titled Tuesday 3|2 Blitz"]
[Site "Chess.com"]
[Date "2015.11.03"]
[Round "6"]
[White "pKiLz5Rn9b"]
[Black "LADIESGET2KNOWME"]
[Result "1-0"]
[WhiteElo "2448"]
[BlackElo "2243"]
[TimeControl "180+2"]
[EndTime "12:16:36 PST"]
[Termination "pKiLz5Rn9b won by checkmate"]

1. e4 e6 2. d4 d5 3. Nd2 Nf6 4. e5 Nfd7 5. Bd3 c5 6. c3 Nc6 7.
Ne2 cxd4 8. cxd4 f6 9. exf6 Nxf6 10. Nf3 Bd6 11. Bf4 O-O 12. Bxd6 Qxd6 13. O-O e5 14. dxe5 Nxe5 15. Nxe5 Qxe5 16. Qd2 Bd7 17. Rac1 Rac8 18. Rxc8 Rxc8 19. Re1 a6 20. Nd4 Qd6 21. f3 Re8 22. Rxe8+ Bxe8 23. Bb1 Bd7 24. g3 g6 25. Kf2 Kg7 26. Qc3 Qb6 27. b3 Kf7 28. Qe3 Be6 29. h4 Bd7 30. Qf4 Kg7 31. Qe5 Kf7 32. Qe3 Qc5 33.
Ke2 Qd6 34. Qf2 Qe5+ 35. Kd2 Bf5 36. Bxf5 gxf5 37. Qe3 Qxg3 38. Nxf5 Qh2+ 39. Kc3 Qc7+ 40. Kb2 Qd7 41. Qe5 Qe6 42. Qc7+ Kg6 43. Qg7+ Kxf5 44. Qg5# 1-0

[Event "*** Titled Tuesday 3|2 Blitz"]
[Site "Chess.com"]
[Date "2015.11.03"]
[Round "6"]
[White "Frolyanov_D"]
[Black "BjarkeSahl"]
[Result "1-0"]
[WhiteElo "2332"]
[BlackElo "2149"]
[TimeControl "180+2"]
[EndTime "12:16:36 PST"]
[Termination "Frolyanov_D won by resignation"]

1. d4 Nf6 2. c4 e6 3. Nf3 c5 4.
d5 exd5 5. cxd5 d6 6. Nc3 a6 7. a4 g6 8. Bf4 Bg7 9. e3 O-O 10. h3 Re8 11. Be2 Ne4 12. Nxe4 Rxe4 13. Nd2 Rb4 14.
Nc4 Bxb2 15. Nxb2 Rxb2 16. O-O Qf6 17. a5 Nd7 18. Rb1 Rxb1 19. Qxb1 h5 20. Rc1 Ne5 21. Qb6 Kg7 22. h4 Qe7 23. Bg3 Bf5 24. Qb2 Kh7 25.
Qc3 Re8 26. f3 Bc8 27. e4 Nd7 28. Bf1 f5 29. exf5 gxf5 30. Kh2 Kg6 31. Bd3 Qe3 32. Re1 1-0

[Event "*** Titled Tuesday 3|2 Blitz"]
[Site "Chess.com"]
[Date "2015.11.03"]
[Round "6"]
[White "Aygehovit1992"]
[Black "manubibi"]
[Result "1-0"]
[WhiteElo "2480"]
[BlackElo "2425"]
[TimeControl "180+2"]
[EndTime "12:16:37 PST"]
[Termination "Aygehovit1992 won by resignation"]

1. e4 c5 2. Nf3 d6 3. d4 cxd4 4. Nxd4 Nf6 5. Nc3 a6 6. h3 e6 7. g4 b5 8. Bg2 Bb7 9. O-O Nbd7 10.
g5 Ng8 11. Qe2 Ne7 12. a3 Ng6 13. Rd1 Be7 14. f4 e5 15. Nf5 Nxf4 16. Bxf4 exf4 17.
e5 Nxe5 18. Bxb7 Qb6+ 19. Qf2 Qxb7 20. Nd5 Bf8 21. Qxf4 O-O-O 22. a4 g6 23. Nfe3 b4 24.
a5 Bg7 25. Ra4 Nc6 26. Nc4 Be5 27. Qf3 Qb5 28. Ncb6+ Kb8 29. Nxb4 Nxb4 30. Rxb4 Qxb4 31. Qa8+ Kc7 32. Nd5+ Kd7 33. Qa7+ Ke6 34. Qe7+ Kf5 35. Nxb4 1-0

[Event "*** Titled Tuesday 3|2 Blitz"]
[Site "Chess.com"]
[Date "2015.11.03"]
[Round "6"]
[White "DeviatkinAndrey"]
[Black "GrigorGrigorov"]
[Result "0-1"]
[WhiteElo "2457"]
[BlackElo "2440"]
[TimeControl "180+2"]
[EndTime "12:16:43 PST"]
[Termination "GrigorGrigorov won by resignation"]

1. b3 Nf6 2. Bb2 c5 3. Nf3 e6 4.
g3 b6 5. Bg2 Bb7 6. O-O Be7 7.
d3 O-O 8. e4 d5 9. Nbd2 dxe4 10.
Ng5 Nc6 11. Ngxe4 Nd5 12. Nf3 f5 13. Nc3 Bf6 14. Qd2 Nd4 15. Nxd5 Nxf3+ 16. Bxf3 Bxb2 17. Rab1 Bxd5 18. Bxd5 exd5 19. Rxb2 f4 20. Rbb1 f3 21.
Kh1 Qd7 22. Rbe1 Rf6 23. Qg5 Raf8 24. Re5 Qh3 25. Rg1 Rh6 26. Qxh6 gxh6 0-1

[Event "*** Titled Tuesday 3|2 Blitz"]
[Site "Chess.com"]
[Date "2015.11.03"]
[Round "6"]
[White "amaidel"]
[Black "vellottiwizard"]
[Result "0-1"]
[WhiteElo "2349"]
[BlackElo "2468"]
[TimeControl "180+2"]
[EndTime "12:16:45 PST"]
[Termination "vellottiwizard won by resignation"]

1. Nf3 Nf6 2. c4 e6 3. g3 a6 4. Bg2 b5 5. b3 c5 6. O-O Bb7 7.
Bb2 Be7 8. d3 O-O 9. e4 d6 10. Nc3 Qb6 11. Re1 Nc6 12. Nh4 Nd7 13.
f4 Bf6 14. Nf3 Nd4 15. g4 Nxf3+ 16. Bxf3 Bd4+ 17. Kh1 Kh8 18. Qe2 Rae8 19. Qg2 Ba8 20. Rab1 Qa5 21. Qc2 f5 22. gxf5 exf5 23. Nd5 Bxb2 24.
Qxb2 fxe4 25. Rg1 Nf6 26. Bxe4 Bxd5 27. Bxd5 Qc7 28. Bf3 Re3 29. Rg3 Qe7 30. Rbg1 Rf7 31. cxb5 axb5 32. Qd2 b4 33. d4 Ne4 34. Bxe4 Qxe4+ 35.
R3g2 h6 36. dxc5 dxc5 37. f5 Rxf5 38. Qd8+ Kh7 39. Qc7 Rg5 40. h3 Rxh3+ 0-1

[Event "*** Titled Tuesday 3|2 Blitz"]
[Site "Chess.com"]
[Date "2015.11.03"]
[Round "6"]
[White "SenseiJulio"]
[Black "igorkovalenko"]
[Result "0-1"]
[WhiteElo "2601"]
[BlackElo "2546"]
[TimeControl "180+2"]
[EndTime "12:16:54 PST"]
[Termination "igorkovalenko won on time"]

1. Nf3 Nf6 2. c4 c6 3. d4 d5 4.
g3 dxc4 5. Bg2 Bf5 6. Ne5 e6 7. Nxc4 Be4 8. f3 Bxb1 9. Rxb1 Bb4+ 10. Bd2 Na6 11. Bxb4 Nxb4 12. a3 Qxd4 13. Nd6+ Ke7 14. Qxd4 Nc2+ 15. Kf2 Nxd4 16. Nxb7 Nb3 17. Rhd1 Rab8 18.
Nd6 Rhd8 19. Nc4 Rd5 20. f4 Ng4+ 21. Kg1 Rc5 22. h3 Rxc4 23. hxg4 g5 24. e3 Rg8 25. Bf1 Re4 26. Rd3 Nc5 27. Rc3 Na4 28. Rxc6 Rxe3 29. Rc7+ Kf6 30. Kf2 Rb3 31. Rxa7 Nc3 32. Bc4 Ne4+ 33.
Ke2 Nxg3+ 34. Kd2 Ne4+ 35. Kc2 Rf3 36. fxg5+ Kxg5 37. a4 Rc8 38. b3 Nd6 39. Ra5+ Kg6 0-1

[Event "*** Titled Tuesday 3|2 Blitz"]
[Site "Chess.com"]
[Date "2015.11.03"]
[Round "6"]
[White "NMJeevanK"]
[Black "PowerThinking2650"]
[Result "0-1"]
[WhiteElo "2203"]
[BlackElo "2104"]
[TimeControl "180+2"]
[EndTime "12:16:57 PST"]
[Termination "PowerThinking2650 won by checkmate"]

1. e4 e5 2. Nf3 Nc6 3. Bc4 Nf6 4. Nc3 Be7 5. d3 d6 6. O-O O-O 7. h3 Na5 8. Bb3 c5 9. Nd5 Nxb3 10. axb3 Nxd5 11. exd5 f5 12. c4 b5 13. Re1 a5 14.
Be3 Bf6 15. Bd2 Bd7 16. Qc1 h6 17. Nh2 Qb6 18. f4 bxc4 19. bxc4 exf4 20. Rb1 g5 21. Bc3 Bd4+ 22. Bxd4 cxd4 23. Nf3 Rae8 24. Qd2 Re3 25. b4 axb4 26. Rxb4 Qa7 27. Reb1 Qa5 28. Nxd4 Qc5 29.
Qc3 f3 30. gxf3 Rxf3 31. Kg2 Rf4 32. Rb7 Rf7 33. Rb8+ Kh7 34. Nf3 Rg7 35. d4 Qa7 36.
R8b7 Qa2+ 37. R1b2 Qa4 38. c5 g4 39. Nh4 gxh3+ 40.
Kxh3 Qd1 41. Qe3 Rxh4+ 42. Kxh4 Qg4# 0-1

[Event "*** Titled Tuesday 3|2 Blitz"]
[Site "Chess.com"]
[Date "2015.11.03"]
[Round "6"]
[White "Izoria123"]
[Black "Baggio95"]
[Result "1-0"]
[WhiteElo "2422"]
[BlackElo "2383"]
[TimeControl "180+2"]
[EndTime "12:16:59 PST"]
[Termination "Izoria123 won by resignation"]

1. e4 e5 2. Nf3 Nc6 3. Bb5 a6 4. Ba4 Nf6 5. d3 d6 6. c3 g6 7. O-O Bg7 8. Re1 O-O 9. Nbd2 b5 10. Bc2 Bb7 11. a4 Nb8 12. axb5 axb5 13. Rxa8 Bxa8 14.
d4 Nbd7 15. Bd3 c6 16. Qc2 Qc7 17. dxe5 dxe5 18. c4 Qb6 19. Nb3 Bb7 20. Be3 Qd8 21. cxb5 cxb5 22. Nfd2 b4 23. f3 Qe7 24. Qc7 Ba8 25.
Ra1 Qd8 26. Qxd8 Rxd8 27. Nc4 Nh5 28. Bf1 Nf4 29. Nb6 Nxb6 30. Bxb6 Rc8 31. Rc1 Rxc1 32. Nxc1 Bf8 33. Bc4 Bc6 34. g3 Ne6 35. Nd3 Kg7 36. Nxe5 Bb7 37. Nd3 Ng5 38. Kf2 f5 39. Bd4+ Kh6 40.
Be3 fxe4 41. Ne5 Be7 42. h4 1-0

[Event "*** Titled Tuesday 3|2 Blitz"]
[Site "Chess.com"]
[Date "2015.11.03"]
[Round "6"]
[White "stepanosinovsky"]
[Black "Rating-Schmating"]
[Result "0-1"]
[WhiteElo "2223"]
[BlackElo "1948"]
[TimeControl "180+2"]
[EndTime "12:17:18 PST"]
[Termination "Rating-Schmating won by resignation"]

1. e4 e6 2. d3 d5 3. Nd2 Nf6 4. Ngf3 Bc5 5. e5 Nfd7 6. d4 Be7 7. c3 c5 8. Bd3 Nc6 9. O-O O-O 10. Be2 f6 11. exf6 Nxf6 12. Nb3 b6 13. Bg5 Qc7 14. c4 cxd4 15. Nbxd4 Nxd4 16. Qxd4 Bc5 17. Qh4 Ne4 18. Rad1 Bb7 19. Nd4 Bxd4 20. Rxd4 Qe5 21. Be3 Rad8 22. Rfd1 Qf6 23. Qxf6 Nxf6 24. Bf3 Ba8 25. R4d2 Rc8 26. cxd5 Bxd5 27. Bxd5 Nxd5 28. Bd4 Kf7 29. a4 Rc4 30. b3 Rc6 31. h3 Rfc8 32. Kh2 g6 33. Ra1 Rc2 34.
Rxc2 Rxc2 35. a5 Rd2 36. axb6 axb6 37. Ra7+ Ke8 38. Be3 Nxe3 39. fxe3 Rd3 40. Kg3 Rxe3+ 41. Kf4 Rxb3 42. Ke5 Re3+ 43. Kd6 b5 44. Rxh7 b4 45. g4 b3 46. h4 b2 47. Rb7 Re2 48. g5 Kf8 49.
Rb8+ Kf7 50. Rb7+ Kf8 51. Rb4 Ke8 52. Rb8+ Kf7 53. Rb7+ Kf8 54. Rb4 Kf7 55. Rb7+ Ke8 56.
h5 gxh5 57. g6 Kf8 58. Rf7+ Kg8 59. Rb7 h4 60. Ke7 Kg7 61. Ke8+ Kxg6 0-1

[Event "*** Titled Tuesday 3|2 Blitz"]
[Site "Chess.com"]
[Date "2015.11.03"]
[Round "6"]
[White "AleksandrNevski"]
[Black "AndroQueen"]
[Result "1-0"]
[WhiteElo "2336"]
[BlackElo "2236"]
[TimeControl "180+2"]
[EndTime "12:17:19 PST"]
[Termination "AleksandrNevski won by resignation"]

1. Nf3 Nf6 2. g3 c5 3. Bg2 Nc6 4. O-O e5 5. c4 d5 6. d3 d4 7. e3 Be7 8. exd4 exd4 9. Bf4 O-O 10. Ne5 Nxe5 11. Bxe5 Bd6 12. Bxf6 Qxf6 13. Nd2 Bf5 14.
Qc2 Rab8 15. Rfe1 b6 16. Re2 Rfe8 17. Rae1 Rxe2 18. Rxe2 h5 19. Ne4 Bxe4 20. Rxe4 g6 21. Qa4 a5 22. h4 Kg7 23. Qc6 Bf8 24. Qc7 Qd6 25. Qa7 Rd8 26. Bh3 Qb8 27. Qxb8 Rxb8 28. Bd7 Rb7 29. Bc6 Re7 30. f4 f5 31. Rxe7+ Bxe7 32. Kf2 Kf6 33. Be8 Bd8 34. Ke2 b5 35. cxb5 c4 36. dxc4 Bb6 37. Kd3 Bc5 38. a3 Kg7 39. b6 Bxb6 40. b4 axb4 41. axb4 1-0

[Event "*** Titled Tuesday 3|2 Blitz"]
[Site "Chess.com"]
[Date "2015.11.03"]
[Round "6"]
[White "Chopper1905"]
[Black "Boryboy"]
[Result "1-0"]
[WhiteElo "2544"]
[BlackElo "2463"]
[TimeControl "180+2"]
[EndTime "12:17:24 PST"]
[Termination "Chopper1905 won by resignation"]

1. Nf3 e6 2. g3 d5 3. c4 Nf6 4. Bg2 dxc4 5. Qa4+ c6 6. Qxc4 b5 7. Qc2 Bb7 8. d4 Nbd7 9. O-O Rc8 10. a4 c5 11. axb5 cxd4 12. Qd1 Bc5 13. Nbd2 e5 14. Nc4 Qe7 15. Na5 Bxf3 16. exf3 O-O 17. Nc6 Qd6 18.
Ra6 Qc7 19. b4 Bb6 20. f4 e4 21. Bb2 Nb8 22. Rxb6 axb6 23. Nxd4 Qd7 24. Qa1 Rfd8 25. Re1 Rc4 26. Rd1 Rxb4 27. Bc3 Rxb5 28. Bh3 Qd6 29. Re1 Rh5 30. Nf5 Qe6 31. Nh6+ Rxh6 32.
Bxe6 fxe6 33. Qa7 Nbd7 34. Rd1 Nd5 35. Rxd5 exd5 36. Qc7 Rf8 37. Qxd7 Rg6 38. Qxd5+ Kh8 39. Qxe4 1-0

[Event "*** Titled Tuesday 3|2 Blitz"]
[Site "Chess.com"]
[Date "2015.11.03"]
[Round "6"]
[White "kharposh"]
[Black "Nutflush"]
[Result "1-0"]
[WhiteElo "2062"]
[BlackElo "1888"]
[TimeControl "180+2"]
[EndTime "12:17:41 PST"]
[Termination "kharposh won by resignation"]

1. e4 c5 2. Nf3 Nc6 3. d4 cxd4 4. Nxd4 Nf6 5. Nc3 e5 6. Nb3 Bb4 7. Bd3 d5 8. exd5 Qxd5 9. O-O Bxc3 10. bxc3 O-O 11.
c4 Qd6 12. Qe2 Bg4 13. f3 Bh5 14. c5 Qc7 15. Bg5 Nd5 16. Qe4 Bg6 17. Qxd5 Nb4 18. Qc4 Nxd3 19. cxd3 b5 20. Qxb5 Rab8 21. Qc4 Rfc8 22.
g3 a5 23. Rac1 Rb4 24. Qc3 Ra4 25. Rfe1 Rxa2 26. Rc2 Ra3 27. Ra1 Rxa1+ 28. Nxa1 f6 29. Be3 Qb7 30. Nb3 Bf7 31. Nxa5 Qb1+ 32. Kf2 Ra8 33. Nc4 Qh1 34. Ke2 Qxh2+ 35. Bf2 Qh1 36. Rc1 Ra2+ 37. Nd2 Qh5 38. c6 Bd5 39. Rc2 Ra8 40.
Qc5 Qf7 41. c7 Rc8 42. Ne4 h6 43. Nd6 Bxf3+ 44. Kxf3 Qh5+ 45. Kg2 1-0

[Event "*** Titled Tuesday 3|2 Blitz"]
[Site "Chess.com"]
[Date "2015.11.03"]
[Round "6"]
[White "Zkid"]
[Black "dretch"]
[Result "1-0"]
[WhiteElo "2515"]
[BlackElo "2449"]
[TimeControl "180+2"]
[EndTime "12:17:48 PST"]
[Termination "Zkid won by resignation"]

1. e4 e6 2. d4 d5 3. Nd2 Be7 4.
e5 c5 5. c3 Nc6 6. Ngf3 cxd4 7. cxd4 Qb6 8. Bd3 Nxd4 9. Nxd4 Qxd4 10. Bb5+ Kf8 11. Qe2 a6 12. Bd3 f6 13. exf6 Nxf6 14. O-O Bd7 15. Nf3 Qg4 16. Re1 Bd6 17. h3 Qh5 18. b3 Re8 19. Bb2 Bc6 20. Qe3 Re7 21. Rac1 a5 22. Ne5 Qe8 23. Qg5 Rg8 24. Re3 Bxe5 25.
Bxe5 Qd7 26. Rf3 Rf7 27. Rd1 h6 28. Qg6 Qe7 29. Qg3 Ne8 30. Bg6 Rxf3 31. Qxf3+ Nf6 32. Qf4 Be8 33. Bd6 Bxg6 34. Bxe7+ Kxe7 35. Rc1 Rd8 36. Rc7+ Rd7 37. Rxd7+ Nxd7 38. Qg3 Kf6 39. Qc7 Ne5 40. Qxb7 Bb1 41. a4 Bc2 42. b4 axb4 43. Qxb4 Bd3 44. Qf4+ Bf5 45. Qd4 g5 46. g3 g4 47. hxg4 Bxg4 48. f4 1-0

[Event "*** Titled Tuesday 3|2 Blitz"]
[Site "Chess.com"]
[Date "2015.11.03"]
[Round "6"]
[White "GregShahade"]
[Black "ChadaevNikolay"]
[Result "0-1"]
[WhiteElo "2315"]
[BlackElo "2576"]
[TimeControl "180+2"]
[EndTime "12:17:53 PST"]
[Termination "ChadaevNikolay won by resignation"]

1. c4 Nf6 2. Nc3 g6 3. g3 Bg7 4. Bg2 O-O 5. Nf3 d6 6. O-O Nc6 7. d3 e5 8. Rb1 a5 9. a3 h6 10.
b4 axb4 11. axb4 Be6 12. b5 Ne7 13. Bb2 Qd7 14. Re1 Nh5 15. Nd2 c6 16. Qb3 d5 17.
bxc6 bxc6 18. Ba3 e4 19. Bxe7 Qxe7 20. cxd5 Ra3 21. Qd1 cxd5 22. Nb5 e3 23. fxe3 Ra5 24. Nf1 Re8 25. Qd2 Rea8 26. Nd4 Ra2 27. Qb4 Qd7 28. Qb7 Qxb7 29. Rxb7 Bxd4 30. exd4 R8a4 31. e3 Nf6 32. Bf3 R4a3 33. Re2 Bf5 34. e4 dxe4 35. Rxa2 Rxa2 36. dxe4 Bxe4 37. Bxe4 Nxe4 38. d5 Kg7 39. Re7 Nf6 40. Re5 Ra1 41. Kf2 Ng4+ 42. Kg2 Nxe5 0-1

[Event "*** Titled Tuesday 3|2 Blitz"]
[Site "Chess.com"]
[Date "2015.11.03"]
[Round "6"]
[White "Matibar"]
[Black "AlexanderL"]
[Result "0-1"]
[WhiteElo "2314"]
[BlackElo "2562"]
[TimeControl "180+2"]
[EndTime "12:17:55 PST"]
[Termination "AlexanderL won by resignation"]

1. e4 e6 2. d4 d5 3. Nc3 Nf6 4. Bg5 dxe4 5. Nxe4 Be7 6. Bxf6 gxf6 7. Bc4 a6 8. a4 f5 9. Ng3 Bf6 10. Nf3 c5 11. c3 cxd4 12. cxd4 Nc6 13. Nh5 Bxd4 14. Qd2 Qa5 15. b4 Qb6 16. a5 Bxf2+ 17. Qxf2 Qxb4+ 18. Nd2 Qc3 19. O-O Qd4 20. Qxd4 Nxd4 21. Rfb1 Ke7 22. Kf2 Rd8 23. Ra2 Nc6 24. Nf3 e5 25. Rb6 f6 26.
Ng3 Ra7 27. Nh4 Nd4 28. Rd2 f4 29. Ne4 f5 30. Nc3 e4 31. Nd5+ Rxd5 32. Bxd5 e3+ 33. Ke1 exd2+ 34. Kxd2 Bd7 35. Bxb7 Bb5 36. Nf3 Nb3+ 37.
Kc3 Nxa5 38. Bc8 Rc7+ 39. Kb4 Nc6+ 40. Rxc6 Bxc6 41. Bxf5 Bxf3 42. gxf3 Kf6 43. Bd3 h6 44. h4 Ke5 45. Bxa6 Kd4 0-1

[Event "*** Titled Tuesday 3|2 Blitz"]
[Site "Chess.com"]
[Date "2015.11.03"]
[Round "6"]
[White "HansCoolNiemann"]
[Black "gmjlh"]
[Result "0-1"]
[WhiteElo "2151"]
[BlackElo "2620"]
[TimeControl "180+2"]
[EndTime "12:18:01 PST"]
[Termination "gmjlh won by resignation"]

1. d4 Nf6 2. c4 e6 3. Nc3 Bb4 4. Bg5 c5 5. d5 d6 6. e3 Bxc3+ 7. bxc3 Qe7 8. Qd2 Nbd7 9. Nf3 e5 10. Qc2 h6 11. Bh4 e4 12. Nd2 O-O 13. Be2 Re8 14. O-O g5 15. Bg3 Nf8 16. Rae1 Bf5 17. Kh1 Bh7 18. Qb2 Rab8 19. f4 g4 20. f5 Nh5 21.
Bxg4 Nxg3+ 22. hxg3 Nd7 23. Rf4 Nf6 24. Bd1 Kh8 25.
Nf1 Rg8 26. Qf2 Rg5 27. Nh2 Qe5 28. Bc2 Rbg8 29. Rh4 Rxg3 30. Rxh6 Rxg2 31. Qxg2 Rxg2 32. Kxg2 Qxc3 33. Re2 Qxc4 34. Kf2 Kg7 35. Rh4 Qxd5 36. Rf4 Qe5 37. Nf1 Bxf5 38. Ng3 Bg6 39. Rd2 d5 40.
Bb3 d4 41. Ne2 d3 42. Ng3 b5 43. Kf1 c4 44. Bd1 c3 45. Rdf2 Nd5 46. Rf5 0-1

[Event "*** Titled Tuesday 3|2 Blitz"]
[Site "Chess.com"]
[Date "2015.11.03"]
[Round "6"]
[White "FairChess_on_YouTube"]
[Black "Fandorine"]
[Result "1-0"]
[WhiteElo "2715"]
[BlackElo "2540"]
[TimeControl "180+2"]
[EndTime "12:18:08 PST"]
[Termination "FairChess_on_YouTube won on time"]

1. Nf3 g6 2. d4 Bg7 3. e4 d6 4.
h3 Nf6 5. Nc3 O-O 6. Be2 a6 7. a4 Nc6 8. d5 Nb4 9. O-O c6 10. a5 cxd5 11. exd5 Bd7 12. Be3 Rc8 13. Bb6 Qe8 14. Ra3 Rxc3 15. Rxc3 Nfxd5 16. Ra3 Bxb2 17. Rb3 Bf6 18. c4 Nxb6 19. Rxb4 Na4 20. Rxb7 Nc5 21. Rb6 Bc3 22. Qc1 Bxa5 23. Rb2 Qd8 24. Qh6 Ne6 25. Ra2 Bc8 26. c5 dxc5 27. Rd1 Qc7 28. Bc4 Rd8 29. Rxd8+ Qxd8 30. Bxe6 Bxe6 31. Ng5 Qd1+ 32.
Kh2 Bc7+ 33. g3 Qh5 34. Qxh5 gxh5 35. Nxe6 fxe6 36. Rxa6 Kf7 37. Kg2 Kf6 38. Kf3 Bd6 39. Ke4 h4 40. g4 h5 41. f3 hxg4 42. fxg4 Kg5 43. Rc6 Kf6 44. Rc8 Kf7 45. Rh8 Bg3 46.
Rh5 e5 47. Kd5 1-0

[Event "*** Titled Tuesday 3|2 Blitz"]
[Site "Chess.com"]
[Date "2015.11.03"]
[Round "6"]
[White "JammyDodger91"]
[Black "pedromartinez91"]
[Result "0-1"]
[WhiteElo "2224"]
[BlackElo "2201"]
[TimeControl "180+2"]
[EndTime "12:18:20 PST"]
[Termination "pedromartinez91 won on time"]

1. e4 c5 2. d4 cxd4 3. c3 d3 4. Bxd3 Nc6 5. c4 g6 6. Nf3 d6 7.
h3 Bg7 8. O-O Nf6 9. Nc3 O-O 10.
Be3 a5 11. Rc1 Be6 12. Qe2 Nd7 13. b3 Nc5 14. Bb1 a4 15. Rfd1 Qa5 16. Bxc5 Bxc3 17. Be3 axb3 18. axb3 Qb4 19. Qc2 Bg7 20. Bd2 Qb6 21.
Be3 Qb4 22. Bd2 Qa3 23. Bc3 Nb4 24. Qd2 Bxc3 25. Qxc3 Rfc8 26. Nd4 Bd7 27. e5 dxe5 28.
Nf3 Be6 29. Ng5 Ra6 30. Qf3 Rc7 31. Qe3 Qa5 32. h4 Qc5 33. Qg3 Rd6 34. Re1 Nc6 35. Ne4 Qb4 36. Nxd6 exd6 37. h5 Nd4 38. Qg5 Rc8 39.
Qf6 gxh5 40. Re3 Qd2 41. Rg3+ Bg4 42. Bxh7+ Kf8 43. Bg6 Qxc1+ 44. Kh2 Qf4 45. Qh8+ Ke7 0-1

[Event "*** Titled Tuesday 3|2 Blitz"]
[Site "Chess.com"]
[Date "2015.11.03"]
[Round "6"]
[White "BIG_Pirate"]
[Black "StoreySniper"]
[Result "1-0"]
[WhiteElo "2272"]
[BlackElo "2161"]
[TimeControl "180+2"]
[EndTime "12:18:21 PST"]
[Termination "BIG_Pirate won on time"]

1. Nf3 g6 2. c4 Bg7 3. Nc3 c5 4. g3 Nc6 5. Bg2 b6 6. O-O Bb7 7. a3 Nh6 8. Rb1 a5 9. Ne1 Nf5 10. Nb5 d6 11. Nc2 Qd7 12. b4 axb4 13. axb4 cxb4 14.
Nxb4 Nxb4 15. Rxb4 Bxg2 16. Kxg2 h5 17. h3 g5 18. d3 g4 19. h4 Bf6 20. Be3 Ra2 21.
Ra4 Rxa4 22. Qxa4 O-O 23. Qa7 Qc6+ 24. Kg1 Ra8 25. Qxb6 Qd7 26. Bd4 Nxd4 27. Nxd4 Ra2 28. Re1 e5 29. Qb3 Ra8 30. Nb5 Re8 31. Nc3 Be7 32.
Nd5 Bd8 33. Ra1 e4 34. d4 e3 35. Nxe3 Bf6 36. Qd3 Qe6 37. Nd5 Bg7 38. e3 Rc8 39.
Ra7 Qe8 40. Ne7+ Kf8 41. Nxc8 Qxc8 42. Qe4 Qe6 43. Qa8+ Qe8 44. Qd5 Qd8 45. Ra8 1-0

[Event "*** Titled Tuesday 3|2 Blitz"]
[Site "Chess.com"]
[Date "2015.11.03"]
[Round "6"]
[White "oggy1984"]
[Black "Er_is_geen_hoop_meer"]
[Result "1-0"]
[WhiteElo "2280"]
[BlackElo "2374"]
[TimeControl "180+2"]
[EndTime "12:18:24 PST"]
[Termination "oggy1984 won by checkmate"]

1. d4 Nf6 2. c4 g6 3. Nc3 Bg7 4.
e4 d6 5. f3 O-O 6. Be3 c5 7.
Nge2 Nc6 8. Qd2 Qa5 9. d5 Ne5 10.
Nc1 a6 11. Be2 Bd7 12. Nb3 Qc7 13. a4 b5 14. axb5 axb5 15. cxb5 Rxa1+ 16. Nxa1 Nh5 17.
O-O f5 18. exf5 gxf5 19. Nb3 f4 20. Bf2 Kh8 21. Ra1 Rg8 22. Kf1 Bh6 23. Ra6 Qc8 24. Ne4 Rxg2 25. Kxg2 Bh3+ 26. Kh1 Qg8 27. Bg3 fxg3 28.
Qxh6 gxh2 29. Ng5 Bg2+ 30. Kxh2 Bxf3 31. Ra8 Ng4+ 32. Kg1 Nxh6 33. Rxg8+ Kxg8 34. Nxf3 Nf6 35. b6 Nd7 36. b7 Nb8 37. Na5 Nf5 38. Nc6 Nd7 39.
b8=Q+ Nxb8 40. Nxb8 Ne3 41. Kf2 Ng4+ 42. Kg3 Nf6 43. Nc6 Kf8 44. Bc4 Ne4+ 45. Kg2 h5 46. Nh4 Kf7 47. Nf5 Kf6 48. Nfxe7 Kg5 49. Be2 h4 50.
Bf3 Nd2 51. Nc8 Nc4 52. b3 Ne3+ 53. Kh3 Kf4 54. Bh1 Kg5 55. Nxd6 Nd1 56. Ne4+ Kf4 57.
Nxc5 Nf2+ 58. Kxh4 Ng4 59. d6 Nf6 60. d7 Nxd7 61. Nxd7 Kf5 62. b4 Ke6 63. Nde5 Kd6 64. b5 Kc7 65. Kg5 Kb6 66. Nd4 Kc7 67. Nc4 Kb8 68.
b6 Kc8 69. Nb5 Kb8 70. Na5 Kc8 71. Kf6 Kb8 72. Ke5 Kc8 73. Kd6 Kb8 74. Bd5 Kc8 75.
Na7+ Kb8 76. N7c6+ Kc8 77. b7# 1-0

[Event "*** Titled Tuesday 3|2 Blitz"]
[Site "Chess.com"]
[Date "2015.11.03"]
[Round "6"]
[White "Entilza"]
[Black "ilmago"]
[Result "1/2-1/2"]
[WhiteElo "2042"]
[BlackElo "1921"]
[TimeControl "180+2"]
[EndTime "12:18:26 PST"]
[Termination "Game drawn - insufficient material"]

1. d4 Nf6 2. c4 g6 3. Nc3 Bg7 4. e4 d6 5. Nf3 O-O 6. Be2 e5 7.
dxe5 dxe5 8. Qxd8 Rxd8 9. Bg5 Re8 10. O-O-O c6 11. Nxe5 Nxe4 12. Nxe4 Bxe5 13. Nf6+ Bxf6 14. Bxf6 Nd7 15. Rxd7 Bxd7 16. Bf3 Be6 17. b3 Rac8 18.
g4 Rc7 19. h4 h6 20. h5 g5 21. Re1 Bd7 22. Rd1 Bc8 23. Kc2 Rd7 24. Rxd7 Bxd7 25. a4 Re6 26. Bd4 b6 27. a5 c5 28. Be3 Re5 29. Bd5 Bxg4 30. b4 Bxh5 31. bxc5 bxa5 32. c6 Bg4 33. Bxa7 h5 34. Bd4 Re8 35. Bf6 h4 36.
Bxg5 h3 37. Be3 Kg7 38. Kb3 Bd1+ 39. Ka3 Kg6 40. c7 Rc8 41. Bf4 Kf5 42. Bg3 Bg4 43. Bxf7 Rh8 44. Ka4 h2 45. Bxh2 Kf6 46. Bd5 Rxh2 47.
Bb7 Rh8 48. Kxa5 Ke7 49. Kb6 Bc8 50. c5 Bf5 51. f4 Rf8 52. c6 Kd6 53. Ba6 Bc8 54. Bb7 Bg4 55. Ba6 Kd5 56. Bb7 Ke4 57.
c8=Q Bxc8 58. Bxc8 Rxc8 59. c7 Kxf4 60. Kb7 Rxc7+ 61. Kxc7 1/2-1/2

[Event "*** Titled Tuesday 3|2 Blitz"]
[Site "Chess.com"]
[Date "2015.11.03"]
[Round "6"]
[White "Dlugy"]
[Black "VovAn1991"]
[Result "1-0"]
[WhiteElo "2567"]
[BlackElo "2470"]
[TimeControl "180+2"]
[EndTime "12:18:31 PST"]
[Termination "Dlugy won by resignation"]

1. d4 f5 2. g3 Nf6 3. Bg2 g6 4.
Nh3 Bg7 5. c3 O-O 6. Qb3+ d5 7.
Nf4 e6 8. O-O Nc6 9. Nd2 a5 10.
a4 Ne4 11. Nxe4 fxe4 12. f3 exf3 13. Bxf3 Kh8 14. e4 dxe4 15. Bxe4 e5 16. dxe5 Nxe5 17.
Be3 Ng4 18. Bc5 Re8 19. Bxg6 Qd2 20. Qc2 Qxc2 21. Bxc2 b6 22. Bf2 Ba6 23. Rfe1 Ne5 24. Be4 Rad8 25. Bd4 Bc4 26. Nh5 c5 27. Nxg7 Kxg7 28.
Be3 Bd5 29. Bxd5 Rxd5 30. Kg2 Red8 31. Re2 Nc4 32. Bf4 R8d7 33. Rae1 Nd2 34. Re7+ Rxe7 35. Rxe7+ Kg8 36. Rb7 c4 37. Rxb6 Nb3 38. Rc6 Nc5 39. Kf3 Nxa4 40. Ke4 Rc5 41. Rxc5 Nxc5+ 42. Kd4 Nd3 43.
Kxc4 Nxb2+ 44. Kb3 Nd3 45. Ka4 Kf7 46. Kxa5 Ke6 47.
c4 Kd7 48. Kb5 h5 49. h4 Nf2 50. Kc5 Nd3+ 51. Kd5 Nb2 52. c5 Nd3 53. c6+ Kd8 54.
Ke6 Nb4 55. c7+ Kc8 56. Kf5 1-0

[Event "*** Titled Tuesday 3|2 Blitz"]
[Site "Chess.com"]
[Date "2015.11.03"]
[Round "6"]
[White "Saitama_Hero"]
[Black "kikydu96"]
[Result "1-0"]
[WhiteElo "2189"]
[BlackElo "2247"]
[TimeControl "180+2"]
[EndTime "12:18:58 PST"]
[Termination "Saitama_Hero won by resignation"]

1. d4 d5 2. c4 c6 3. Nf3 Nf6 4. Nc3 dxc4 5. a4 Bf5 6. e3 e6 7. Bxc4 Bb4 8. O-O Nbd7 9. h3 Bg6 10. Qb3 Qe7 11. Na2 Bd6 12. Qxb7 O-O 13. Qb3 Rab8 14.
Qd1 e5 15. Nc3 Bh5 16. Be2 Bxf3 17. Bxf3 e4 18. Be2 c5 19. Nb5 cxd4 20. Nxd6 Qxd6 21.
Qxd4 Qxd4 22. exd4 Nd5 23. Bb5 N7f6 24. b3 Rfd8 25.
Bd2 Ne7 26. Rac1 Rxd4 27. Be3 Rdd8 28. Bxa7 Rb7 29. Bc5 Nf5 30. Rfd1 Rxd1+ 31. Rxd1 h6 32. b4 Ne7 33. Bc4 Nc6 34. b5 Ne5 35. Rd8+ Kh7 36. Bf1 Nfd7 37. Bd4 Nd3 38. a5 N7c5 39. a6 Rxb5 40.
a7 Ra5 41. a8=Q Rxa8 42. Rxa8 Ne6 43. Be3 Ne5 44. Ra5 Nc6 45. Ra6 Nb4 46. Rb6 Nd5 47.
Rb7 f5 48. Bc4 Ndf4 49. Kh2 Kg6 50. g3 Nd8 51. Rb6+ 1-0